 Dungeon Crawl Stone Soup version 0.29.1-12-g30fa7ad0bf (webtiles) character file.

Game seed: 421309750289736712

187 nachturnus the Slasher (level 5, 0/38 HPs)
             Began as a Human Gladiator on Jan 3, 2023.
             Slain by a bullfrog (4 damage)
             ... in a sewer.
             The game lasted 00:07:03 (3001 turns).

nachturnus the Slasher (Human Gladiator)            Turns: 3001, Time: 00:07:04

Health: 0/38       AC:  9    Str: 16    XL:     5   Next: 99%
Magic:  5/5        EV: 15    Int:  8    God:
Gold:   68         SH:  0    Dex: 15    Spells: 4/4 levels left

rFire   . . .      SeeInvis .   a - +0 long sword
rCold   . . .      Faith    .   (no shield)
rNeg    . . .      Spirit   .   l - +3 ring mail
rPois   .          Reflect  .   c - +0 helmet
rElec   .          Harm     .   (no cloak)
rCorr   .          Rampage  .   (no gloves)
Will    .....                   (no boots)
Stlth   +.........              (no amulet)
HPRegen 0.12/turn               f - +4 ring of evasion
MPRegen 0.09/turn               (no ring)

@: hasted, slow
A: no striking features
a: no special abilities


You were in a sewer.
You visited 1 branch of the dungeon, and saw 3 of its levels.
You also visited: Sewer.

You collected 68 gold pieces.

Inventory:

Hand Weapons
 a - a +0 long sword (weapon)
Missiles
 d - 3 throwing nets (quivered)
 e - 4 javelins
Armour
 c - a +0 helmet (worn)
 l - a +3 ring mail (worn)
Jewellery
 f - a +4 ring of evasion (left hand)
Potions
 g - a potion of haste
 i - a potion of attraction
 k - 2 potions of flight


   Skills:
 - Level 2.0 Fighting
 + Level 6.2 Long Blades
 - Level 2.0 Throwing
 - Level 3.0 Dodging


You had 4 spell levels left.
You didn't know any spells.
Your spell library contained the following spells:

 Spells                   Type           Power      Damage    Failure   Level
 Gell's Gravitas          Tloc           0%         N/A       94%         3
 Lesser Beckoning         Tloc           0%         N/A       94%         3
 Teleport Other           Tloc           0%         N/A       94%         3


Dungeon Overview and Level Annotations

Branches:
Dungeon (3/15)              Sewer (1/1)

Altars:


Message History

* * * LOW HITPOINT WARNING * * *
You feel better. The bullfrog misses you.
The bullfrog hits you but does no damage.
The bullfrog closely misses you.
You feel yourself speed up. The bullfrog closely misses you.
The bullfrog misses you. The bullfrog hits you.
You barely miss the bullfrog.
The bullfrog is moderately wounded.
The bullfrog hits you but does no damage. x2
The bullfrog barely misses you.
You barely miss the bullfrog.
The bullfrog is moderately wounded.
The bullfrog hits you.
* * * LOW HITPOINT WARNING * * *
The bullfrog misses you.
You barely miss the bullfrog.
The bullfrog is moderately wounded.
The bullfrog hits you.
* * * LOW HITPOINT WARNING * * *
The bullfrog misses you.
As you read the scroll labelled OGYWIK MALO, it crumbles to dust.
The creatures around you are filled with an inner flame!
It was a scroll of immolation.
The bullfrog barely misses you.
You enter the shallow water.
Moving in this stuff is going to be slow.
The bullfrog barely misses you.
The bullfrog hits you but does no damage.
The bullfrog attacks as you move away! The bullfrog hits you.
* * * LOW HITPOINT WARNING * * *
The bullfrog attacks as you move away! The bullfrog barely misses you.
The bullfrog closely misses you. The bullfrog closely misses you.
The bullfrog hits you.
* * * LOW HITPOINT WARNING * * *
You enter the shallow water.
Moving in this stuff is going to be slow.
The bullfrog misses you. The bullfrog attacks as you move away!
The bullfrog hits you but does no damage.
The bullfrog attacks as you move away! The bullfrog hits you.
You die...

.~#~.~~# ~.~.??!..~≈#...~#~~~.#
.~#~~~~# ~~~~.:(?.~.#~~~~#~~.∩#
~~#~~~.# ~~~~~~$~~~~#~~~.#~~~.#
~~##~~†##
≈..~~.~.~~~#~~~##~~~##
††~#.~~~##≈≈~~~.~†.~.#~~~#~~~~#
.~~##~~~~###≈≈~~~#.~##~~##÷.~##
~~~~##~~~~~#######~.#~~##~~~.#
#~~~~###~~.~~.~..F~##÷†#.~~.##
##~~~~~####~~~..@F.#~~.†~~.##
##~~~~†.~#~∩~#######~~~####
#####~†~~#####†~~~~#..##
#∩~~####..~~~~.~~~~####
#~...~#########~~.#
###.∩..~.~~~~~†~.~#
#####.~~~~..†~~.# #############


You could see 2 bullfrogs.

Vanquished Creatures
  Terence (D:3)
  7 adders
  A worm (D:2)
  2 dart slugs
  12 ball pythons
  10 endoplasms
  10 giant cockroaches
  6 goblins
  5 hobgoblins
  6 kobolds
  6 quokkas
  5 bats
  13 frilled lizards
  4 rats
88 creatures vanquished.

Notes
Turn   | Place    | Note
-------+----------+-------------------------------------------
     0 | D:1      | nachturnus the Human Gladiator began the quest for the Orb.
     0 | D:1      | Reached XP level 1. HP: 16/16 MP: 1/1
   106 | D:1      | Reached XP level 2. HP: 22/22 MP: 2/2
   524 | D:1      | Reached skill level 4 in Long Blades
   524 | D:1      | Reached XP level 3. HP: 27/27 MP: 3/3
  1722 | D:2      | Reached XP level 4. HP: 33/33 MP: 4/4
  2130 | D:3      | Noticed Terence
  2147 | D:3      | Killed Terence
  2148 | D:3      | Reached skill level 5 in Long Blades
  2192 | D:3      | Found a glowing drain.
  2299 | D:3      | Reached XP level 5. HP: 38/38 MP: 5/5
  2322 | Sewer    | Entered a sewer
  2631 | Sewer    | Reached skill level 6 in Long Blades
  2977 | Sewer    | Noticed a bullfrog
  2977 | Sewer    | Noticed a bullfrog
  3001 | Sewer    | Slain by a bullfrog

Illustrated notes

Levels and vault maps discovered:
D:1:      onia_arrival_pyramid, layout_basic
D:2:      layout_rooms
D:3:      layout_loops_ring, general_overflow_altar, grunt_gozag_statues,
          shapermc_ecumenical_altar_hornbeckon, gup_sewer_entry_glass,
          st_stairs_7, uniq_jessica, uniq_terence, uniq_grinder
Sewer:    sewer_frog_island_02

Skill      XL: |  1  2  3  4  5 |
---------------+----------------+-----
Long Blades    | 4 5 6 |  6.2
Fighting       | |  2.0
Throwing       | |  2.0
Dodging        | |  3.0

Action                   |  1- 3 |  4- 6 || total
-------------------------+-------+-------++-------
Melee: Long sword        |    91 |   204 ||   295
       Punch             |       |     1 ||     1
  Use: Scroll            |     5 |     3 ||     8
       Potion            |       |     4 ||     4
Armor: Leather armour    |    25 |       ||    25
       Ring mail         |     2 |    97 ||    99
Dodge: Dodged            |    93 |   243 ||   336
